 Dungeon Crawl Stone Soup version 0.27-a0-1202-ge72e49191c (webtiles) character file.

Game seed: 17007624700401810449

1235 bande the Shield-Bearer (level 8, -4/48 HPs)
             Began as a Gargoyle Fighter on June 2, 2021.
             Was a Follower of Okawaru.
             Slain by Duvessa
             ... wielding a +0 rapier
              (10 damage)
             ... on level 5 of the Dungeon.
             The game lasted 00:07:55 (5043 turns).

bande the Shield-Bearer (Gargoyle Fighter)          Turns: 5043, Time: 00:07:55

Health: -4/48      AC: 16    Str: 21    XL:     8   Next: 49%
Magic:  0/9        EV:  6    Int:  9    God:    Okawaru [*.....]
Gold:   1103       SH: 10    Dex: 10    Spells: 6/7 levels left

rFire    . . .     SeeInvis .   a - +1 war axe
rCold    . . .     Faith    .   c - +0 kite shield
rNeg     + . .     Spirit   +   l - +0 chain mail
rPois    ∞         Reflect  .   i - +0 helmet
rElec    +         Harm     .   (no cloak)
rCorr    .         Rampage  .   (no gloves)
Will     .....                  (no boots)
Stlth    ..........             k - amulet of guardian spirit
HPRegen  0.16/turn              (no ring)
MPRegen  0.11/turn              (no ring)

@: mighty
A: sickness immunity, AC +5, negative energy resistance 1, electricity
resistance, torment resistance 1, petrification resistance
a: Renounce Religion, Heroism


You were on level 5 of the Dungeon.
You worshipped Okawaru.
Okawaru was aware of your devotion.
You visited 2 branches of the dungeon, and saw 6 of its levels.

You collected 1103 gold pieces.

Inventory:

Hand Weapons
 a - a +1 war axe (weapon)
 m - a +0 hand axe of electrocution
Armour
 c - a +0 kite shield (worn)
 i - a +0 helmet (worn)
 l - a +0 chain mail (worn)
Jewellery
 k - an amulet of guardian spirit (around neck)
Wands
 f - a wand of iceblast (22)
Scrolls
 e - 2 scrolls of teleportation
 g - 3 scrolls of fear
 j - a scroll of fog
Potions
 d - a potion of might
 h - a potion of haste


   Skills:
 + Level 4.6 Fighting
 + Level 5.1 Axes
 + Level 5.1 Armour
 - Level 1.2 Dodging
 + Level 5.1 Shields
 * Level 3.0 Translocations
 * Level 1.4 Invocations
 * Level 3.2 Evocations


You had 6 spell levels left.
You knew the following spells:

 Your Spells              Type           Power      Damage    Failure   Level
a - Apportation           Tloc           10%        N/A       98%         1

Your spell library contained the following spells:

 Spells                   Type           Power      Damage    Failure   Level
 Animate Skeleton         Necr           0%         N/A       100%        1
 Corona                   Hex            0%         N/A       100%        1
 Summon Small Mammal      Summ           0%         N/A       100%        1


Dungeon Overview and Level Annotations

Branches:
Dungeon (5/15)             Temple (1/1) D:4

Altars:
Cheibriados
Dithmenos
Elyvilon
Fedhas
Hepliaklqana
Kikubaaqudgha
Makhleb
Nemelex Xobeh
Okawaru
Qazlal
Ru
Sif Muna
Trog
Uskayaw
Vehumet
Yredelemnul
Zin
The Shining One

Annotations:
D:5 Duvessa


Innate Abilities, Weirdness & Mutations

You are immune to sickness and miasma.
Your stone body is resilient. (AC +5)
You are immune to poison.
You resist negative energy. (rN+)
You are resistant to electric shocks. (rElec)
You are resistant to unholy torment.
You are immune to petrification.


Message History

The phantom hits you but does no damage.
Unknown command.
You closely miss Duvessa.
Duvessa is lightly wounded.
You slash the phantom!
You destroy the phantom!
Okawaru accepts your kill.
You slash Dowan!
You kill Dowan!
Okawaru accepts your kill.
Duvessa screams, "No!
How DARE you!"
Duvessa goes berserk!
You block Duvessa's attack. Duvessa hits you with a +0 rapier.
You block the orc's attack.
Your Armour skill increases to level 5!
Your shield and chain mail prevent you from hitting the orc.
You hit Duvessa. You block Duvessa's attack. You block the orc's attack.
Duvessa hits you with a +0 rapier.
Unknown command.
You barely miss the orc. You hit Duvessa but do no damage.
You are no longer glowing.
Duvessa hits you but does no damage. The orc hits you but does no damage.
Duvessa barely misses you. You block the orc's attack.
Unknown command.
You hit Duvessa.
Duvessa is lightly wounded.
You hit the orc but do no damage. Duvessa hits you but does no damage. x2
The orc hits you but does no damage. You block Duvessa's attack.
Unknown command.
You hit Duvessa.
Duvessa is moderately wounded.
You slash the orc!
You kill the orc!
Okawaru accepts your kill. You block Duvessa's attack.
Duvessa hits you with a +0 rapier!
* * * LOW HITPOINT WARNING * * *
Your Translocations skill increases to level 3!
You closely miss Duvessa.
Duvessa is moderately wounded.
Duvessa hits you with a +0 rapier!
You die...

. ..........
###...#. .
.........###....#.
............##.
(........###.
.##.......##.
..#.......#.###
..............#
..............#
..........)@.##
..#.#.....#e##
...#......#.
..........###.
##....... #.
#..<..... ..
#..##..... .. ..#
..#...# ##


You could see Duvessa (berserk, fast).

Vanquished Creatures
  A black bear (D:4)
  An ogre (D:4)
  2 phantoms
  2 water moccasin zombies (D:4)
  Dowan (D:5)
  A bullfrog zombie (D:4)
  5 hounds
  An orc priest (D:4)
  A gnoll shaman (D:4)
  4 iguanas
  3 orc wizards
  2 scorpion zombies (D:4)
  2 hound zombies (D:4)
  Robin (D:4)
  3 gnolls (D:4)
  7 adders
  An ufetubus (D:5)
  An adder zombie (D:4)
  An adder skeleton (D:4)
  2 dart slugs
  15 orcs
  3 ball pythons
  6 bats
  8 endoplasms
  2 giant cockroaches (D:2)
  15 goblins
  11 hobgoblins
  7 kobolds
  A quokka (D:1)
  4 frilled lizards
  9 rats
123 creatures vanquished.

Vanquished Creatures (others)
  An orc wizard (D:4)
1 creature vanquished.

Grand Total: 124 creatures vanquished

Notes
Turn   | Place    | Note
-------+----------+-------------------------------------------
     0 | D:1      | bande the Gargoyle Fighter began the quest for the Orb.
     0 | D:1      | Reached XP level 1. HP: 14/14 MP: 1/1
   156 | D:1      | Reached XP level 2. HP: 9/19 MP: 2/2
   718 | D:1      | Found a faded altar of an unknown god.
   804 | D:1      | Reached XP level 3. HP: 23/23 MP: 3/3
  1028 | D:2      | Identified a scroll of acquirement
  1028 | D:2      | Acquired 845 gold pieces
  1375 | D:2      | Reached XP level 4. HP: 23/29 MP: 4/4
  1501 | D:2      | Learned a level 1 spell: Apportation
  2955 | D:3      | Reached XP level 5. HP: 33/33 MP: 5/5
  3331 | D:4      | Reached skill level 1 in Translocations
  3404 | D:4      | Identified the +5 whip of the Valley {vorpal, Str+4}
  3531 | D:4      | Reached XP level 6. HP: 38/38 MP: 6/6
  3549 | D:4      | Reached skill level 1 in Evocations
  3616 | D:4      | Noticed Robin
  3631 | D:4      | Reached skill level 1 in Dodging
  3653 | D:4      | Killed Robin
  3941 | D:4      | Reached XP level 7. HP: 43/43 MP: 7/7
  4092 | D:4      | Found a staircase to the Ecumenical Temple.
  4134 | Temple   | Entered the Ecumenical Temple
  4141 | Temple   | Became a worshipper of Warmaster Okawaru
  4457 | D:4      | Reached * piety under Okawaru
  4458 | D:4      | Reached XP level 8. HP: 35/48 MP: 8/8
  4669 | D:4      | Reached skill level 5 in Shields
  4919 | D:5      | Entered Level 5 of the Dungeon
  4948 | D:5      | Reached skill level 1 in Invocations
  5014 | D:5      | Noticed Duvessa
  5016 | D:5      | Noticed Dowan
  5033 | D:5      | Reached skill level 5 in Axes
  5038 | D:5      | Killed Dowan
  5039 | D:5      | Reached skill level 5 in Armour
  5043 | D:5      | Slain by Duvessa

Illustrated notes

Levels and vault maps discovered:
D:1:      ncdulo_halloftheorcs, layout_loops_ring,
          hellmonk_ecumenical_altar_pennies_from_heaven
D:2:      kennysheep_six_static_rooms, layout_basic, skrybe_limestone_x,
          hangedman_decor_points
D:3:      layout_loops_ring, minmay_bisected
D:4:      layout_loops_ring, minmay_temple_entry_proselytizer, serial_undead,
          serial_undead_e, serial_undead_f, serial_undead_c, serial_undead_a,
          minmay_circle_x, uniq_robin
D:5:      layout_cave_pools, enter_ossuary_5, moated_statue, st_stairs_5,
          minmay_manual_monstrance, uniq_duvessa
Temple:   nicolae_temple_no_exploring_needed

Skill      XL: |  1  2  3  4  5  6  7  8 |
---------------+-------------------------+-----
Axes           | 2 3 4 5 |  5.1
Shields        | 4 5 |  5.1
Armour         | 4 5 |  5.1
Translocations | 1 2 3 |  3.0
Fighting       | 4 |  4.6
Evocations     | 1 2 3 |  3.2
Dodging        | 1 |  1.2
Invocations    | 1 |  1.4

Action                   |  1- 3 |  4- 6 |  7- 9 || total
-------------------------+-------+-------+-------++-------
Melee: War axe           |   103 |   184 |   144 ||   431
  Use: Scroll            |     4 |     4 |     3 ||    11
       Potion            |       |     2 |     2 ||     4
Armor: Scale mail        |    59 |   109 |       ||   168
       Chain mail        |       |     3 |   147 ||   150
Dodge: Dodged            |    39 |    61 |    63 ||   163
Block: Kite shield       |    60 |    98 |   113 ||   271

Table legend: (Time is in decaauts)
 A = Elapsed time spent in this place.
 B = Non-inter-level travel time spent in this place.
 C = Inter-level travel time spent in this place.
 D = Time resting spent in this place.
 E = Time spent auto-exploring this place.
 F = Levels seen in this place.
 G = Mean time per level.
                   A        B        C        D        E       F      G
               +--------+--------+--------+--------+--------+-----+--------+
         Total |   5288 |   5257 |     31 |    715 |   3329 |   6 |  881.3 |
       Dungeon |   5271 |   5246 |     25 |    715 |   3329 |   5 | 1054.2 |
        Temple |     16 |     10 |      6 |      0 |      0 |   1 |   16.0 |
               +--------+--------+--------+--------+--------+-----+--------+

Top non-repeatable levels by time:
     D:4: 1622 daAuts
     D:2: 1431 daAuts
     D:3: 1048 daAuts
     D:1: 1031 daAuts
     D:5: 138 daAuts
  Temple: 16 daAuts
